Map: Acid Plant LE

Players

HellraiseR

  • Race: Protoss Protoss
  • League: Master
  • Spawn Location: 11:00

soO - Winner!

  • Race: Zerg Zerg
  • League: Master
  • Spawn Location: 5:00

Event: HomeStory Cup XVII

VOD

Have the link to the VOD?

Description

Time

  • Played on: June 29, 2018, 11:13 a.m.
  • Length: 7:58

All games in this series

Show
View Real Time Build Order
Export as new Build Order

HellraiseR Protoss 

Build Orders: 1 Gate Expand, Archon Immortal, Zealot Archon 

Get SALT Encoding   

  12  0:00  Probe  
  13  0:13  Probe  
  14  0:20  Pylon  
  14  0:24  Probe  
  15  0:34  Probe  
  15  0:39  Gateway  
  15  0:42  Probe  
  16  0:48  Assimilator  
  17  0:53  Probe  
  18  1:05  Probe  
  19  1:21  Nexus  
  19  1:24  Probe  
  20  1:33  Cybernetics Core  
  20  1:37  Probe  
  21  1:42  Assimilator  
  21  1:49  Probe  
  21  1:51  Pylon  
  22  1:59  Probe  
  22  2:00  Stalker  
  23  2:08  Probe  
  26  2:16  Probe  
  26  2:20  Warp Gate  
  27  2:27  Probe, Twilight Council  
  28  2:31  Probe  
  29  2:39  Probe x2  
  29  2:42  Zealot  
  33  2:49  Probe  
  34  2:51  Probe  
  34  2:57  Robotics Facility  
  35  3:01  Probe  
  35  3:03  Probe  
  37  3:07  Charge  
  37  3:14  Gateway  
  37  3:15  Probe  
  37  3:17  Probe  
  40  3:27  Gateway  
  40  3:32  Probe  
  41  3:37  Gateway, Warp Prism  
  41  3:40  Gateway  
  40  3:42  Gateway  
  40  3:51  Probe  
  40  3:52  Probe  
  44  3:56  Pylon  
  44  4:07  Immortal  
  44  4:11  Pylon  
  44  4:13  Pylon  
  48  4:27  Zealot x3  
  54  4:31  Pylon  
  54  4:33  Zealot  
  54  4:35  Zealot  
  58  4:39  Zealot  
  58  4:41  Immortal  
  64  4:57  Zealot x4  
  72  5:08  Zealot x2  
  70  5:21  Immortal  
  66  5:23  Zealot x4  
  62  5:36  Templar Archives  
  62  5:37  Zealot x2  
  66  5:44  Gateway  
  66  5:47  Gateway  
  66  5:48  Immortal  
  66  6:00  Pylon  
  70  6:12  High Templar  
  70  6:13  High Templar, Sentry, Zealot  
  70  6:17  Pylon x2  
  78  6:19  Archon, Zealot  
  78  6:20  Zealot  
  82  6:36  Zealot  
  82  6:37  Zealot  
  86  6:42  Pylon x2  
  86  6:54  Sentry  
  86  6:55  Sentry  
  86  6:56  Zealot x4  
  86  6:57  Zealot x2  
  94  7:18  Zealot x6  
  70  7:35  Zealot x2  
  66  7:39  Zealot x2  
  66  7:40  Zealot x2  
  66  7:44  High Templar  
  68  7:45  High Templar  
  70  7:51  Archon  
Show
View Real Time Build Order
Export as new Build Order

soO Zerg - Winner!

Build Orders: Hatch First 

Get SALT Encoding   

  12  0:00  Drone  
  13  0:12  Overlord  
  13  0:17  Drone  
  14  0:30  Drone x2  
  14  0:34  Drone  
  17  0:50  Hatchery  
  17  0:53  Drone  
  17  0:57  Drone  
  18  1:07  Extractor  
  17  1:12  Spawning Pool  
  17  1:16  Drone  
  17  1:18  Drone  
  18  1:28  Drone  
  20  1:40  Drone  
  20  1:49  Overlord  
  20  1:59  Queen  
  22  2:02  Queen, Zergling x2  
  22  2:03  Drone  
  22  2:07  Metabolic Boost  
  26  2:10  Drone  
  26  2:13  Drone  
  28  2:22  Drone  
  29  2:23  Drone  
  30  2:34  Hatchery  
  29  2:37  Drone  
  32  2:44  Queen  
  32  2:48  Overlord  
  32  2:50  Drone  
  33  2:59  Drone x2  
  33  3:02  Drone  
  36  3:08  Drone x2  
  36  3:09  Drone x2  
  40  3:13  Overlord, Drone  
  40  3:17  Drone x2  
  40  3:19  Drone  
  44  3:28  Overlord  
  44  3:32  Spore Crawler  
  44  3:33  Queen, Drone  
  46  3:40  Drone  
  47  3:42  Roach Warren  
  47  3:43  Drone  
  47  3:48  Lair  
  47  3:49  Drone  
  47  3:51  Drone  
  47  3:53  Drone  
  47  3:54  Drone  
  51  3:56  Drone  
  51  3:57  Drone  
  51  3:59  Extractor  
  51  4:00  Drone, Extractor  
  52  4:04  Drone  
  52  4:05  Drone  
  52  4:06  Overlord  
  54  4:23  Roach, Drone  
  54  4:24  Roach x3  
  63  4:27  Roach  
  63  4:30  Zergling x2  
  63  4:31  Zergling x6  
  69  4:34  Roach x2  
  69  4:35  Overlord  
  73  4:40  Overlord  
  73  4:45  Overlord x2  
  73  4:49  Overlord  
  73  4:50  Overlord  
  73  4:55  Roach, Zergling x2  
  74  5:00  Queen  
  74  5:06  Zergling x2  
  74  5:07  Zergling x12  
  80  5:12  Roach x2, Zergling x2  
  67  5:26  Roach x4  
  67  5:27  Roach, Zergling x2  
  78  5:33  Drone x4  
  80  5:35  Glial Reconstitution  
  80  5:37  Ravager  
  80  5:40  Ravager  
  80  5:41  Roach  
  84  5:44  Roach  
  84  5:48  Roach x2  
  90  5:57  Overlord  
  90  6:02  Overlord  
  89  6:13  Drone x3  
  89  6:14  Overlord, Drone  
  93  6:21  Roach x7  
  93  6:22  Overseer  
  107  6:28  Roach x3  
  107  6:32  Overlord  
  113  6:34  Roach x2  
  113  6:37  Ravager  
  118  6:40  Roach x2  
  118  6:44  Overlord  
  122  6:48  Roach  
  122  6:49  Roach  
  122  6:53  Roach  
  127  6:54  Roach  
  127  6:55  Roach  
  127  6:57  Zergling x4  
  127  7:01  Roach x2  
  137  7:04  Roach  
  139  7:09  Roach, Zergling x2  
  134  7:21  Roach  
  134  7:22  Roach x2, Zergling x8  
  119  7:29  Roach x3  
  111  7:31  Roach, Zergling x6  
  111  7:32  Zergling x4  
  111  7:34  Roach  
  105  7:37  Roach  
Tags
 
Add a new tag
Caveats
  • Supply blocks, unpowered buildings, or Contaminate may cause inaccurate times.
  • Supply counts are checked every 10 seconds.